 Dungeon Crawl Stone Soup version 0.21-a0-193-g085b6a0 (webtiles) character file.

91522 4thArraOfDagon the Warrior (level 16, -6/185 HPs)
             Began as an Ogre Enchanter on Aug 13, 2017.
             Was a High Priest of Elyvilon.
             Mangled by a deep elf blademaster
             ... wielding a +0 rapier
              (10 damage)
             ... on level 2 of the Elven Halls on Aug 14, 2017.
             The game lasted 01:35:31 (18993 turns).

4thArraOfDagon the Warrior (Ogre Enchanter)        Turns: 18993, Time: 01:35:32

Health: -6/185     AC:  6    Str: 16    XL:     16   Next: 3%
Magic:  27/27      EV: 15    Int: 23    God:    Elyvilon [*****.]
Gold:   510        SH:  0    Dex: 15    Spells: 22/29 levels left

rFire    . . .     SeeInvis .   V - +7 lajatang of the Eight Princes {freeze, *Corrode +Inv Int+2}
rCold    . . .     Gourm    .   (shield currently unavailable)
rNeg     . . .     Faith    .   h - +2 troll leather armour
rPois    .         Spirit   .   (helmet restricted)
rElec    .         Reflect  .   C - +0 cloak
rCorr    .         Harm     .   (gloves unavailable)
MR       +....     Clarity  +   (boots unavailable)
Stlth    ++........             P - amulet of regeneration
HPRegen  1.20/turn              K - +5 ring of slaying
MPRegen  0.20/turn              p - +6 ring of dexterity

@: protection, corroded
A: unfitting armour, talons 1, thin metallic scales 1, blurry vision 1, clarity,
mutation resistance 1, tough skin 1
a: Lesser Healing, Heal Other, Purification, Greater Healing, Divine Vigour,
Divine Protection, Renounce Religion, Evoke Invisibility


You were on level 2 of the Elven Halls.
You worshipped Elyvilon.
Elyvilon was extremely pleased with you.
You were not hungry.

You visited 4 branches of the dungeon, and saw 25 of its levels.
You also visited: Sewer, Ossuary, Ice Cave and Volcano.

You collected 2532 gold pieces.
You spent 2022 gold pieces at shops.

Inventory:

Hand Weapons
 V - the +7 lajatang of the Eight Princes (weapon) {freeze, *Corrode +Inv Int+2}
   (You acquired it on level 11 of the Dungeon)

   It has been specially enchanted to freeze those struck by it, causing extra
   injury to most foes and up to half again as much damage against particularly
   susceptible opponents.
   It can also slow down cold-blooded creatures.
   It affects your intelligence (+2).
   It lets you turn invisible.
   It may corrode you when you take damage.
Missiles
 T - 6 large rocks (quivered)
Armour
 h - a +2 troll leather armour (worn)
 C - a +0 cloak (worn)
Magical Staves
 M - an uncursed staff of air
Jewellery
 a - the ring "Gupedi" {rPois rN+ MR+ EV-3}
   (You found it on level 10 of the Dungeon)

   [ring of evasion]

   It affects your evasion (-3).
   It protects you from poison.
   It protects you from negative energy.
   It affects your resistance to hostile enchantments.
 k - an uncursed ring of positive energy
 n - an uncursed ring of wizardry
 p - a +6 ring of dexterity (right hand)
 y - an uncursed ring of poison resistance
 F - an uncursed ring of fire
 H - a cursed amulet of inaccuracy {unknown}
 I - an uncursed ring of wizardry
 K - a +5 ring of slaying (left hand)
 P - an amulet of regeneration (around neck)
Wands
 e - a wand of lightning (5/15)
 l - a wand of iceblast (9/15)
 m - a wand of digging (10/24)
 s - a wand of confusion (26/48)
 v - a wand of acid (1/15)
 J - a wand of digging (16/24)
 L - a wand of iceblast (5/15)
 S - a wand of digging (7/24)
Scrolls
 b - 3 scrolls of recharging
 A - 3 scrolls of fear
 B - 4 scrolls of noise
 E - 2 scrolls of remove curse
 O - 2 scrolls of blinking
 Q - 3 scrolls of teleportation
 W - a scroll of summoning
 X - 5 scrolls of enchant weapon
Potions
 c - a potion of brilliance
 f - 5 potions of agility
 g - 4 potions of haste
 i - 2 potions of lignification {unknown}
 j - 8 potions of curing
 q - a potion of magic {unknown}
 r - 6 potions of ambrosia
 t - 10 potions of flight
 u - 8 potions of heal wounds
 D - 2 potions of berserk rage {unknown}
 G - 3 potions of invisibility
 N - 3 potions of resistance
 R - 2 potions of mutation
 Y - 3 potions of might {unknown}
Miscellaneous
 w - 3 phantom mirrors
Comestibles
 d - 18 bread rations
 o - 7 meat rations


   Skills:
 - Level 18.0 Fighting
   Level 0.7 Short Blades
 - Level 14.0 Staves
 - Level 9.4 Dodging
 - Level 2.1 Stealth
 + Level 7.4 Spellcasting
   Level 2.6 Hexes
 * Level 8.4 Transmutations
 * Level 8.0 Earth Magic
 - Level 10.2 Invocations


You had 22 spell levels left.
You knew the following spells:

 Your Spells              Type           Power        Failure   Level  Hunger
c - Statue Form           Tmut/Erth      #####....    43%         6    ######.
d - Apportation           Tloc           #.....       9%          1    None


Dungeon Overview and Level Annotations

Branches:
Dungeon (15/15)            Temple (0/1) D:4            Lair (6/6) D:9
 Spider (0/4) Lair:4        Slime (0/5) Lair:6          Orc (2/2) D:10
    Elf (2/3) Orc:2
  Swamp: Lair:2-4    Shoals: Lair:2-4    Vaults: D:13-14     Depths: D:15

Altars:
Elyvilon
Kikubaaqudgha
Nemelex Xobeh
Ru
Sif Muna
Trog
Beogh
Jiyva

Shops:
D:5 *   D:10 ?!::([(   Orc:1 (   Orc:2 ?%*(:   Elf:1 (   Elf:2 ?:

Portals:
Pandemonium: Orc:2

Annotations:
D:10 1 transporter
D:15 Rupert
Elf:1 Frances


Innate Abilities, Weirdness & Mutations

You are too large for most types of armour.
You have tough skin. (AC +1)
You have sharp toenails.
You are partially covered in thin metallic scales. (AC +2)
Scrolls take you a little longer to read.
You possess an exceptional clarity of mind.
You are somewhat resistant to further mutation.


Message History

Unknown command.
Your surroundings suddenly seem different.
A deep elf blademaster comes into view. It is wielding two rapiers.
The deep elf blademaster shouts!
You hear a shout!
The deep elf blademaster hits you with a rapier!!
Elyvilon protects you from harm!
The deep elf blademaster hits you with a rapier.
* * * LOW HITPOINT WARNING * * *
A dancing weapon and a deep elf knight come into view.
There is a halberd of chopping.
Unknown command.
Really read with blurry vision while enemies are nearby?
The halberd of chopping hits you but does no damage.
You begin reading the scroll.
You continue reading the scroll.
The halberd of chopping hits you from afar.
* * * LOW HITPOINT WARNING * * *
x2 The deep elf blademaster hits you with a rapier!
Elyvilon protects you from harm!
The deep elf blademaster hits you with a rapier!
You die...

#### #.@#
#......e(......
#......(.......
.....##...e....
....# ###......
...# #..... #..
..... ## ....e


You could see a deep elf blademaster, a deep elf knight, a deep elf mage and 2
dancing weapons.

Vanquished Creatures
  A deep elf sorcerer (Elf:1)
  2 entropy weavers (Lair:4)
  The ghost of oki the Spear-Bearer, a journeyman MiFi of Ru (Lair:3)
  An ettin (Orc:1)
  3 catoblepae (Lair:6)
  2 dancing weapons
  2 two-headed ogres
  A tengu warrior (D:14)
  16 death yaks
  7 orc high priests (Orc:2)
  A queen ant (Lair:4)
  Urug (D:14)
  A sun demon (Volcano)
  A deep elf knight (Elf:1)
  4 skeletal warriors
  A hell knight (Volcano)
  A sixfirhy (Orc:2)
  A gelid demonspawn (Orc:2)
  An unseen horror (D:12)
  An infernal demonspawn (Orc:2)
  A torturous demonspawn (Orc:2)
  2 deep elf archers
  5 orc knights
  A necromancer (IceCv)
  An oklob plant (Lair:4)
  16 deep elf magi
  A cyclops (D:12)
  5 orc sorcerers
  An ugly thing (Volcano)
  4 manticores
  7 elephants (Lair:6)
  An ice statue (IceCv)
  2 molten gargoyles (Volcano)
  5 spiny frogs
  2 smoke demons (Orc:2)
  Psyche (D:8)
  The ghost of sveltemanboy the Slasher, a novice DsMo of Yredelemnul (D:5)
  An orange demon (Orc:2)
  5 komodo dragons
  2 centaur skeletons (D:14)
  10 freezing wraiths (IceCv)
  5 kobold demonologists
  2 red devils (Volcano)
  A jumping spider (Lair:4)
  A merfolk (D:13)
  A tengu conjurer (D:15)
  A polar bear (Lair:3)
  6 trolls
  6 blink frogs
  3 slime creatures (D:13)
  11 hippogriffs
  Sigmund (D:4)
  2 water elementals (Elf:1)
  2 shadows
  2 wyverns
  41 yaks
  An air elemental (Elf:1)
  A human (D:13)
  3 hungry ghosts
  Eustachio (D:4)
  2 fire bats (Volcano)
  Grum (D:11)
  3 basilisks
  A chaos spawn (Orc:2)
  A death yak simulacrum (IceCv)
  A vampire mosquito (D:14)
  Menkaure (D:4)
  2 wargs
  6 water moccasins
  15 soldier ants
  A hell hound (Volcano)
  31 orc warriors
  3 porcupines (Lair:4)
  2 phantoms
  A black bear (D:9)
  9 ice beasts
  5 sky beasts
  9 ogres
  13 centaurs
  5 wolves
  A necrophage (D:13)
  8 crocodiles
  An eye of draining (shapeshifter) (D:15)
  2 elf zombies (Ossuary)
  7 big kobolds
  Blork the orc (D:4)
  A gnoll sergeant (D:8)
  2 elf skeletons (D:4)
  10 bullfrogs
  3 scorpions
  A swamp dragon simulacrum (IceCv)
  7 killer bees
  A howler monkey (D:4)
  8 crimson imps
  3 draconian simulacra (IceCv)
  4 lava snakes (Volcano)
  2 centaur zombies
  4 jellies
  2 quasits
  2 bullfrog skeletons (D:12)
  5 hounds
  30 orc wizards
  5 human zombies
  37 orc priests
  2 gnoll shamans
  3 human skeletons (D:4)
  7 iguanas
  A spriggan simulacrum (IceCv)
  28 worker ants
  A polar bear simulacrum (IceCv)
  A wolf simulacrum (IceCv)
  5 troll simulacra (IceCv)
  4 centaur simulacra (IceCv)
  A big kobold zombie (Ossuary)
  A hound skeleton (D:7)
  2 mummies (Ossuary)
  A worker ant zombie (D:6)
  7 gnolls
  18 adders
  An ogre simulacrum (IceCv)
  10 river rats
  6 naga simulacra (IceCv)
  A shadow imp (D:8)
  12 white imps (IceCv)
  2 adder zombies (Ossuary)
  An adder skeleton (D:4)
  3 worms
  3 dart slugs
  6 leopard geckos
  85 orcs
  7 giant cockroaches
  10 goblins
  7 hobgoblins
  5 jackals
  9 quokkas
  6 bats
  A frilled lizard (D:2)
  A goblin zombie (Ossuary)
  6 hobgoblin zombies (Ossuary)
  2 jackal zombies (Ossuary)
  31 kobolds
  9 kobold zombies (Ossuary)
  2 orc skeletons (D:4)
  11 orc zombies
  A quokka skeleton (D:7)
  2 quokka zombies
  29 rats
  A plant (Lair:6)
825 creatures vanquished.

Vanquished Creatures (others)
  A meliai (D:13)
  3 slime creatures (D:12)
  An ice beast (D:13)
  An orc (D:10)
  2 plants (Lair:6)
8 creatures vanquished.

Grand Total: 833 creatures vanquished

Notes
Turn   | Place    | Note
-------+----------+-------------------------------------------
     0 | D:1      | 4thArraOfDagon the Ogre Enchanter began the quest for the Orb.
     0 | D:1      | Reached XP level 1. HP: 16/16 MP: 3/3
     2 | D:1      | 4thArraOfDagon: hi
     2 | D:1      | 4thArraOfDagon: -peacekeeper
   265 | D:1      | Reached skill level 1 in Fighting
   371 | D:1      | Reached skill level 2 in Fighting
   371 | D:1      | Reached XP level 2. HP: 24/28 MP: 5/5
   845 | D:2      | Learned a level 2 spell: Ensorcelled Hibernation
  1008 | D:2      | Vidiiot: WHats a peacekeepr
  1012 | D:2      | Reached skill level 3 in Fighting
  1036 | D:2      | Found a white marble altar of Elyvilon.
  1049 | D:2      | Became a worshipper of Elyvilon the Healer
  1165 | D:2      | Reached XP level 3. HP: 33/39 MP: 6/6
  1265 | D:2      | Reached skill level 4 in Fighting
  1327 | D:2      | Reached * piety under Elyvilon
  1566 | D:2      | 4thArraOfDagon: creature from deso of salt
  1702 | D:3      | Reached XP level 4. HP: 43/49 MP: 7/7
  1832 | D:3      | Vidiiot: Oh cool
  1861 | D:3      | Vidiiot: Theres so much stuff in this game I need to try
  1884 | D:3      | Vidiiot: I keep getting shit starts..
  1897 | D:3      | Found a faded altar of an unknown god.
  1915 | D:3      | Vidiiot: I had Ijyb with wand of acid before :DD
  1983 | D:3      | Reached skill level 5 in Fighting
  1989 | D:3      | Reached ** piety under Elyvilon
  2018 | D:3      | Found a glowing drain.
  2023 | Sewer    | Entered a sewer
  2043 | Sewer    | Reached skill level 1 in Invocations
  2162 | Sewer    | Noticed a big kobold
  2163 | Sewer    | Noticed p0werm0de's ghost (amateur DgWr)
  2199 | Sewer    | Killed a big kobold
  2199 | Sewer    | Reached skill level 6 in Fighting
  2199 | Sewer    | Reached XP level 5. HP: 51/59 MP: 8/8
  2250 | Sewer    | Found a glowing silver altar of Zin.
  2301 | D:3      | 4thArraOfDagon: ohh shit
  2301 | D:3      | 4thArraOfDagon: thatterrobiel
  2402 | D:4      | Found a staircase to the Ecumenical Temple.
  2424 | D:4      | Noticed Blork the orc
  2468 | D:4      | Reached XP level 6. HP: 57/68 MP: 9/9
  2540 | D:4      | Noticed Eustachio
  2587 | D:4      | Killed Eustachio
  2587 | D:4      | Reached skill level 7 in Fighting
  2644 | D:4      | Reached XP level 7. HP: 23/79 MP: 10/10
  2675 | D:4      | Reached skill level 8 in Fighting
  2677 | D:4      | Found a sand-covered staircase.
  2692 | Ossuary  | Entered an ossuary
  3062 | Ossuary  | Reached skill level 9 in Fighting
  3198 | D:4      | Reached XP level 8. HP: 54/92 MP: 9/11
  3239 | D:4      | Reached skill level 5 in Invocations
  3267 | D:4      | Reached skill level 10 in Fighting
  3342 | D:4      | Noticed Sigmund
  3354 | D:4      | Killed Sigmund
  3424 | D:4      | Killed Blork the orc
  3682 | D:4      | Reached skill level 11 in Fighting
  3714 | D:4      | Noticed Menkaure
  3723 | D:4      | Killed Menkaure
  3764 | D:4      | Reached *** piety under Elyvilon
  3803 | D:5      | Entered Level 5 of the Dungeon
  3889 | D:5      | Reached XP level 9. HP: 106/106 MP: 13/13
  3933 | D:5      | Found Suran's General Store.
  3938 | D:5      | Bought a potion of haste for 130 gold pieces
  3938 | D:5      | Bought a scroll of remove curse for 39 gold pieces
  3980 | D:5      | Noticed a moth of wrath
  3982 | D:5      | Noticed sveltemanboy's ghost (novice DsMo)
  3983 | D:5      | Found a bloodstained altar of Trog.
  4077 | D:5      | Reached skill level 12 in Fighting
  4117 | D:5      | Got an ancient whip
  4129 | D:5      | Identified the cursed +1 whip "Ogre's Doom" {slash, Dex+4} (You found it on level 5 of the Dungeon)
  4545 | D:7      | Reached **** piety under Elyvilon
  4551 | D:7      | Found a sparkling altar of Nemelex Xobeh.
  4970 | D:6      | Reached skill level 13 in Fighting
  5149 | D:8      | Noticed a two-headed ogre
  5335 | D:8      | Found a sacrificial altar of Ru.
  5356 | D:8      | Reached ***** piety under Elyvilon
  5521 | D:8      | Reached skill level 14 in Fighting
  5608 | D:8      | Pacified a two-headed ogre
  5608 | D:8      | Reached XP level 10. HP: 111/123 MP: 13/16
  5643 | D:8      | Noticed Psyche
  5676 | D:10     | Entered Level 10 of the Dungeon
  5676 | D:10     | Found Yreabusk's Book Shoppe.
  5687 | D:10     | Noticed a two-headed ogre
  5763 | D:12     | Reached skill level 15 in Fighting
  6154 | D:12     | Noticed a cyclops
  6785 | D:13     | Noticed a manticore
  6868 | D:15     | Entered Level 15 of the Dungeon
  6868 | D:15     | Noticed a wizard
  6987 | D:11     | Noticed a two-headed ogre
  6990 | D:11     | Noticed a glowing shapeshifter
  6990 | D:11     | a two-headed ogre changed into a glowing shapeshifter
  6991 | D:11     | Noticed a moth of wrath
  6991 | D:11     | a glowing shapeshifter changed into a moth of wrath
  7001 | D:12     | Reached skill level 16 in Fighting
  7100 | D:10     | Found Jeommia's Magic Scroll Shoppe.
  7104 | D:10     | Bought a scroll of enchant armour for 90 gold pieces
  7104 | D:10     | Bought a scroll of summoning for 114 gold pieces
  7104 | D:10     | Bought a scroll of enchant weapon for 90 gold pieces
  7128 | D:10     | Found Jimidghu's Distillery.
  7141 | D:10     | Bought a potion of degeneration for 14 gold pieces
  7300 | D:10     | Found a transporter.
  7504 | D:11     | Noticed Grum
  7569 | D:11     | Killed Grum
  7606 | D:11     | Reached XP level 11. HP: 77/137 MP: 17/17
  7706 | D:11     | Noticed a manticore
  7707 | D:11     | Pacified a manticore
  7750 | D:11     | Identified a scroll of acquirement
  7751 | D:11     | Got a translucent lajatang
  7752 | D:11     | Identified the +7 lajatang of the Eight Princes {freeze, *Corrode +Inv Int+2} (You acquired it on level 11 of the Dungeon)
  7788 | D:11     | Noticed a lindwurm
  7790 | D:11     | Noticed a faun
  7790 | D:11     | a lindwurm changed into a faun
  7792 | D:11     | Noticed a glowing orange brain
  7792 | D:11     | a faun changed into a glowing orange brain
  7798 | D:11     | Reached skill level 1 in Staves
  7798 | D:11     | Noticed a shock serpent
  7798 | D:11     | a glowing orange brain changed into a shock serpent
  7799 | D:11     | Noticed a sea snake
  7799 | D:11     | a shock serpent changed into a sea snake
  7802 | D:11     | Noticed a moth of wrath
  7802 | D:11     | a sea snake changed into a moth of wrath
  7805 | D:11     | Noticed a cyclops
  7805 | D:11     | a moth of wrath changed into a cyclops
  7805 | D:11     | Noticed a death drake
  7805 | D:11     | a cyclops changed into a death drake
  7807 | D:11     | a death drake changed into a snapping turtle
  7811 | D:11     | Noticed an ice dragon
  7811 | D:11     | an elephant changed into an ice dragon
  7816 | D:11     | Noticed an eight-headed hydra
  7816 | D:11     | an ice dragon changed into an eight-headed hydra
  7817 | D:11     | an eight-headed hydra changed into something unseen
  7822 | D:11     | Noticed an emperor scorpion
  7852 | D:10     | Found Nalo's Book Emporium.
  7934 | D:10     | Reached skill level 17 in Fighting
  7945 | D:10     | Found a staircase to the Orcish Mines.
  7946 | D:10     | Found Mycoing's Weapon Shoppe.
  7948 | D:10     | Found Xalaatyno's Armour Shoppe.
  7974 | D:10     | Found Juavuq's Weapon Shop.
  8169 | D:9      | Noticed a death yak
  8191 | D:9      | Killed a death yak
  8225 | D:9      | Noticed a death yak
  8227 | D:9      | Noticed a death yak
  8341 | D:8      | Killed Psyche
  8788 | D:8      | Found a bloodstained altar of Trog.
  9109 | D:7      | Ladykiller69: OgEn
  9149 | D:7      | Ladykiller69: a *classic*
  9841 | D:5      | Reached skill level 10 in Invocations
 10138 | D:5      | Killed sveltemanboy's ghost
 10156 | D:5      | Bought 2 potions of haste for 260 gold pieces
 10313 | D:9      | Reached skill level 5 in Staves
 10437 | D:9      | Found a staircase to the Lair.
 10487 | D:9      | Killed a death yak
 10487 | D:9      | Reached XP level 12. HP: 38/148 MP: 19/19
 10533 | D:9      | Killed a death yak
 10533 | D:9      | Reached skill level 5 in Dodging
 10641 | D:10     | Gained mutation: Scrolls take you a little longer to read. [mutagenic meat]
 10642 | D:10     | Gained mutation: You have sharp toenails. [mutagenic meat]
 10643 | D:10     | Gained mutation: You are frail. (-10% HP) [mutagenic meat]
 10665 | D:10     | Gained mutation: Scrolls take you longer to read. [mutagenic meat]
 10666 | D:10     | Lost mutation: Scrolls take you longer to read. [mutagenic meat]
 10667 | D:10     | Gained mutation: You are partially covered in thin metallic scales. (AC +2) [mutagenic meat]
 10668 | D:10     | Lost mutation: You are frail. (-10% HP) [mutagenic meat]
 10669 | D:10     | Gained mutation: You are somewhat resistant to further mutation. [mutagenic meat]
 10670 | D:10     | Gained mutation: You possess an exceptional clarity of mind. [mutagenic meat]
 10677 | D:10     | Noticed a two-headed ogre
 10681 | D:10     | Noticed a two-headed ogre
 10682 | D:10     | Noticed a seven-headed hydra
 10693 | D:10     | Found a transporter.
 10708 | D:10     | Got a scorched silver ring
 10720 | D:10     | Identified the cursed ring "Gupedi" {rPois rN+ MR+ EV-3} (You found it on level 10 of the Dungeon)
 10765 | D:11     | Noticed a storm dragon
 11271 | D:12     | Killed a two-headed ogre
 11541 | D:13     | Found a deep blue altar of Sif Muna.
 11630 | D:13     | Reached skill level 10 in Staves
 11711 | D:13     | Noticed a two-headed ogre
 11719 | D:13     | Killed a two-headed ogre
 11719 | D:13     | Reached XP level 13. HP: 116/156 MP: 18/20
 11722 | D:13     | Noticed a vault guard
 11899 | D:14     | Found a roughly hewn altar of Beogh.
 12039 | D:14     | Noticed Urug
 12058 | D:14     | Killed Urug
 12197 | D:15     | Noticed Rupert
 12850 | D:10     | Bought 3 scrolls of remove curse for 108 gold pieces
 12884 | Orc:1    | Entered Level 1 of the Orcish Mines
 12923 | Orc:2    | Entered Level 2 of the Orcish Mines
 12941 | Orc:1    | Noticed an ettin
 12947 | Orc:1    | Killed an ettin
 13061 | Orc:1    | Found Qutuuna's Weapon Emporium.
 13416 | Orc:2    | Found a staircase to the Elven Halls.
 13422 | Orc:2    | Found Sox Ceej's Magic Scroll Boutique.
 13793 | Orc:2    | Found Erahis's General Store.
 13794 | Orc:2    | Found Daaloerr's Food Shop.
 13833 | Orc:2    | Bought a scroll of teleportation for 42 gold pieces
 14014 | Orc:2    | Reached XP level 14. HP: 65/166 MP: 21/21
 14268 | Orc:2    | Found Konekh's Antique Weapon Shoppe.
 14268 | Orc:2    | Found a one-way gate leading to the halls of Pandemonium.
 14268 | Orc:2    | Found Onied's Book Emporium.
 14294 | Orc:2    | Bought a book of Transfigurations for 715 gold pieces
 14301 | Orc:2    | Learned a level 6 spell: Statue Form
 14411 | Lair:1   | Entered Level 1 of the Lair of Beasts
 14443 | Lair:1   | Learned a level 1 spell: Apportation
 14607 | Lair:1   | Reached skill level 1 in Transmutations
 14934 | Lair:3   | Reached skill level 1 in Earth Magic
 15317 | Lair:4   | Found a hole to the Spider Nest.
 15392 | Lair:4   | Noticed an entropy weaver
 15404 | Lair:4   | Noticed an entropy weaver
 15602 | Lair:5   | Reached ****** piety under Elyvilon
 15621 | Lair:5   | Found a dark tunnel.
 15634 | Volcano  | Entered a volcano
 15808 | Volcano  | Found a bloodstained altar of Trog.
 16054 | Lair:6   | Entered Level 6 of the Lair of Beasts
 16087 | Lair:6   | Reached skill level 18 in Fighting
 16104 | Lair:6   | Found a frozen archway.
 16146 | IceCv    | Entered an ice cave
 16575 | IceCv    | Found an ancient bone altar of Kikubaaqudgha.
 16962 | Lair:6   | Upgraded the game from 0.21-a0-186-g02e8684 to 0.21-a0-193-g085b6a0
 17031 | Lair:6   | Reached XP level 15. HP: 145/176 MP: 22/22
 17099 | Lair:6   | Reached skill level 5 in Transmutations
 17130 | Lair:6   | Reached skill level 5 in Spellcasting
 17142 | Lair:6   | Reached skill level 5 in Earth Magic
 17150 | Lair:6   | Found a staircase to the Slime Pits.
 17150 | Lair:6   | Found a viscous altar of Jiyva.
 18095 | Lair:3   | Noticed oki's ghost (journeyman MiFi)
 18114 | Lair:3   | Killed oki's ghost
 18307 | D:10     | Bought a potion of brilliance for 56 gold pieces
 18307 | D:10     | Bought 2 potions of heal wounds for 140 gold pieces
 18307 | D:10     | Bought a potion of brilliance for 56 gold pieces
 18307 | D:10     | Bought a potion of heal wounds for 70 gold pieces
 18307 | D:10     | Bought a potion of curing for 42 gold pieces
 18307 | D:10     | Bought a potion of agility for 56 gold pieces
 18415 | Elf:1    | Entered Level 1 of the Elven Halls
 18552 | Elf:1    | Found Reycwu's Antique Weapon Emporium.
 18619 | Elf:2    | Found Asook's Book Emporium.
 18778 | Elf:1    | Noticed a deep elf sorcerer
 18787 | Elf:1    | Killed a deep elf sorcerer
 18824 | Elf:1    | Found an ancient bone altar of Kikubaaqudgha.
 18841 | Elf:1    | Noticed Frances
 18933 | Elf:2    | Found Gonaizacw's Magic Scroll Boutique.
 18937 | Elf:2    | Reached XP level 16. HP: 107/185 MP: 23/27
 18990 | Elf:2    | HP: 5/185 [glaive of protection (11)]
 18990 | Elf:2    | Elyvilon protects you from harm!
 18990 | Elf:2    | Elyvilon protects you from harm!
 18991 | Elf:2    | Noticed a deep elf blademaster
 18991 | Elf:2    | Elyvilon protects you from harm!
 18993 | Elf:2    | Elyvilon protects you from harm!
 18993 | Elf:2    | Mangled by a deep elf blademaster

Vault maps used:
D:1:      onia_arrival_mini_spirals
D:2:      st_stairs_4, elyvilon_altar_5
D:3:      portal_sewer_entry_e, chequers_ecumenical_altar_lobes,
          serial_bayou_lagoon_a, minmay_box_of_dots
D:4:      minmay_temple_entry_statues_fountains,
          nicolae_ossuary_entry_catacombs, serial_bayou, serial_bayou_pond_a,
          serial_bayou_crossing, serial_bayou_pond_d, serial_bayou_pond_c,
          uniq_blork_the_orc, uniq_sigmund, uniq_eustachio, uniq_menkaure
D:5:      lemuel_ratsnest, first_bread, serial_shops, kennysheep_little_box,
          tgw_trog
D:6:      hex_medium
D:7:      basic_altar
D:8:      nicolae_ru_the_path_less_chosen, trog_butcher_becter, uniq_psyche
D:9:      dpeg_lair_monsters
D:10:     gammafunk_the_bubble, orc_david_3, serial_shops,
          nicolae_shop_window_shopping, shop, shop, nicolae_shop_stone,
          shop_statue
D:11:     uniq_grum
D:13:     grunt_vaults_entry_fortified, basic_altar, hangedman_stone_soup,
          st_stairs_7
D:14:     minivault_23, corexii_checkpoint_b, david_defended_altar_orc,
          uniq_urug
D:15:     grunt_enter_depths_hoard, uniq_louise, uniq_rupert
Lair:1:   grunt_megastairs_1, minmay_lair_oklob_chamber
Lair:2:   minmay_shoals_entry_lonely_mermaid
Lair:4:   spider_nest_entry_rubble, zaba_antful_of_joy
Lair:5:   enter_volcano_2, grunt_megastairs_5
Lair:6:   evilmike_catoblepas_cave, slime_altar_1,
          portal_ice_cave_entry_pillars_2, st_stairs_4
Orc:1:    serial_shops, shop
Orc:2:    pf_orc_diabolical, serial_shops, shop_statue
Elf:1:    basic_altar, serial_shops, nicolae_shop_crystal,
          minmay_elf_annihilation, uniq_frances
Elf:2:    special_room, serial_shops, shop, nicolae_shop_trees,
          nicolae_shop_crystal, shop, shop, minmay_shop_grove
Sewer:    sewer_kobolds
Ossuary:  ossuary_tomb_1
IceCv:    ice_cave_small_necro
Volcano:  volcano_lake

Skill      XL: |  1  2  3  4  5  6  7  8  9 10 11 12 13 14 15 16 |
---------------+-------------------------------------------------+-----
Fighting       | 2 3 4 6 7 9 11 14 16 17 18 | 18.0
Invocations    | 2 3 4 6 8 9 10 | 10.2
Dodging        | 2 4 7 9 |  9.4
Staves         | 6 10 13 14 | 14.0
Spellcasting   | 4 7 |  7.4
Transmutations | 4 8 |  8.4
Earth Magic    | 4 7 8 |  8.0
Short Blades   | |  0.7
Stealth        | |  2.1
Hexes          | |  2.6

Action                   |  1- 3 |  4- 6 |  7- 9 | 10-12 | 13-15 | 16-18 || total
-------------------------+-------+-------+-------+-------+-------+-------++-------
Melee: Dagger            |    97 |   122 |       |    46 |       |       ||   265
       Rapier            |       |    13 |   371 |       |       |       ||   384
       Short sword       |       |       |    67 |   236 |       |       ||   303
       Lajatang          |       |       |       |   466 |  1037 |    12 ||  1515
       Kick              |       |       |       |    25 |   296 |     3 ||   324
       Staff             |       |       |       |       |    22 |       ||    22
 Cast: Corona            |     1 |       |       |       |       |       ||     1
       Ensorcelled Hiber |       |     7 |       |       |       |       ||     7
       Statue Form       |       |       |       |       |     1 |       ||     1
Invok: Lesser Healing    |       |    10 |    44 |    25 |       |       ||    79
       Heal Other        |       |       |     1 |    19 |     4 |       ||    24
       Greater Healing   |       |       |     1 |     9 |     2 |       ||    12
       Divine Vigour     |       |       |       |       |     3 |       ||     3
       Divine Protection |       |       |       |       |       |     1 ||     1
 Abil: Evoke Invisibilit |       |       |       |     1 |       |       ||     1
       End Transformatio |       |       |       |       |     1 |       ||     1
Evoke: Wand              |       |     7 |     2 |     5 |     4 |       ||    18
  Use: Scroll            |     6 |     1 |     5 |    11 |    16 |     2 ||    41
       Potion            |       |     4 |     1 |     3 |     2 |       ||    10
 Stab: Sleeping          |     3 |     2 |     9 |     7 |     4 |       ||    25
       Distracted        |       |     1 |       |     1 |     2 |       ||     4
       Invisible         |       |       |       |     1 |       |       ||     1
  Eat: Chunk             |     2 |     5 |    14 |    24 |     3 |     1 ||    49
       Fruit             |       |       |     3 |    16 |     2 |       ||    21
       Royal jelly       |       |       |     2 |    10 |     5 |       ||    17
       Meat ration       |       |       |       |       |     2 |       ||     2
Armor: Robe              |    15 |    28 |    89 |    44 |       |       ||   176
       Troll leather arm |       |       |       |   183 |   211 |     4 ||   398
       Skin              |       |       |       |       |    11 |       ||    11
Dodge: Dodged            |    44 |    67 |   197 |   364 |   461 |     1 ||  1134
